 Dungeon Crawl Stone Soup version 0.20.1-1-g8b1a95d (webtiles) character file.

53485 Ferkelamun the Grappler (level 14, 0/115 HPs)
             Began as a Ghoul Gladiator on July 10, 2017.
             Was a High Priest of Makhleb.
             Slain by Agnes
             ... wielding a +1 lajatang of venom
              (5 damage)
             ... on level 14 of the Dungeon.
             The game lasted 00:55:57 (19488 turns).

Ferkelamun the Grappler (Ghoul Gladiator)          Turns: 19488, Time: 00:55:58

Health: 0/115      AC: 16    Str: 21    XL:     14   Next: 68%
Magic:  0/18       EV: 15    Int:  6    God:    Makhleb [*****.]
Gold:   1352       SH: 13    Dex: 12    Spells: 13/13 levels left

rFire    + + .     SeeInvis .     - Unarmed
rCold    + . .     Gourm    .   f - +2 shield
rNeg     + + +     Faith    .   V - +0 fire dragon scales
rPois    ∞         Spirit   +   x - +1 helmet {Int+3}
rElec    .         Reflect  .   b - +0 cloak
rCorr    .         Harm     .   (no gloves)
MR       +....                  (no boots)
Stlth    ..........             R - amulet of guardian spirit
Regen    0.0/turn               U - +2 ring of evasion
MPRegen  0.2/turn               t - ring of protection from cold

@: about to teleport, very slightly contaminated, rotting
A: rotting body, claws 1, carnivore 3, cold resistance 1, negative energy
resistance 3, inhibited regeneration, torment resistance, unbreathing
a: Minor Destruction, Lesser Servant of Makhleb, Major Destruction, Greater
Servant of Makhleb, Renounce Religion


You were on level 14 of the Dungeon.
You worshipped Makhleb.
Makhleb was extremely pleased with you.
You were not hungry.

You visited 3 branches of the dungeon, and saw 21 of its levels.

You collected 1689 gold pieces.
You spent 337 gold pieces at shops.

Inventory:

Hand Weapons
 a - a +1 blowgun
 I - the +6 dagger of Lunown {protect, +Inv Str+6}
   (You found it on level 9 of the Dungeon)

   It protects the one who uses it against injury (+AC on strike).
   It affects your strength (+6).
   It lets you turn invisible.
Missiles
 c - 2 throwing nets (quivered)
 n - 67 poisoned needles
Armour
 b - a +0 cloak (worn)
 f - a +2 shield (worn)
 x - a +1 helmet of intelligence (worn)
 V - +0 fire dragon scales (worn)
Jewellery
 t - a ring of protection from cold (right claw)
 u - the ring "Awnalook" {Fire Dex+4}
   (You found it on level 6 of the Dungeon)

   [ring of fire]

   It enhances your fire magic.
   It affects your dexterity (+4).
   It protects you from fire.
   It makes you vulnerable to cold.
 v - an uncursed ring of flight
 L - an uncursed ring of see invisible
 R - an amulet of guardian spirit (around neck)
 U - a +2 ring of evasion (left claw)
Wands
 g - a wand of lightning (0/15)
 m - a wand of digging (12/24)
 w - a wand of paralysis (14/24)
 z - a wand of lightning (8/15)
 K - a wand of paralysis (12/24)
 M - a wand of polymorph (7/24)
 N - a wand of confusion (13/48)
 S - a wand of flame (20/48)
 Y - a wand of lightning (6/15)
Scrolls
 e - 4 scrolls of amnesia
 i - 2 scrolls of fog
 l - 10 scrolls of remove curse
 o - 7 scrolls of teleportation
 p - 7 scrolls of enchant armour
 q - 4 scrolls of recharging
 s - a scroll of blinking
 D - 2 scrolls of immolation
 H - 2 scrolls of enchant weapon
 J - a scroll of brand weapon {unknown}
 P - 3 scrolls of magic mapping
 T - 8 scrolls of identify
Potions
 h - 6 potions of curing
 k - 4 potions of mutation
 A - 3 potions of magic
 B - 4 potions of heal wounds
 C - 5 potions of flight
 E - 4 potions of might
 G - 3 potions of brilliance
 O - 3 potions of haste
Miscellaneous
 F - a lightning rod (4/4)
Comestibles
 d - 16 meat rations
 j - 4 chunks of flesh
 r - 23 royal jellies


   Skills:
 - Level 8.1 Fighting
 - Level 1.7 Throwing
 - Level 12.7 Armour
 - Level 10.0 Dodging
 - Level 7.0 Shields
 - Level 14.9 Unarmed Combat
 + Level 7.1 Invocations


You had 13 spell levels left.
You didn't know any spells.

Dungeon Overview and Level Annotations

Branches:
Dungeon (14/15)            Temple (1/1) D:7            Lair (6/6) D:10
 Shoals (0/4) Lair:4       Spider (0/4) Lair:4        Slime (0/5) Lair:6
    Orc (0/2) D:11         Vaults (0/5) D:13

Altars:
Ashenzari
Cheibriados
Dithmenos
Elyvilon
Fedhas
Gozag
Hepliaklqana
Kikubaaqudgha
Makhleb
Nemelex Xobeh
Okawaru
Qazlal
Ru
Sif Muna
Trog
Uskayaw
Vehumet
Xom
Yredelemnul
Zin
The Shining One
Beogh
Jiyva

Shops:
D:7 *

Annotations:
D:8 exclusion: 2 doors
D:14 Agnes
Lair:6 1 runed door


Innate Abilities, Weirdness & Mutations

Your body is rotting away.
You thrive on raw meat.
You are immune to poison.
You have sharp fingernails.
You are carnivorous and can eat meat at any time.
Your flesh is cold resistant. (rC+)
You are immune to negative energy. (rN+++)
You do not regenerate when monsters are visible.
You are immune to unholy pain and torment.
You can survive without breathing.


Message History

Blink to where?
Press: ? - help, Dir - move target cursor
As you read the scroll of blinking, it crumbles to dust.
Items here: ))) [[ a club; a leather armour; a short sword; a battleaxe; a plate armour Blink to where?
Press: ? - help, Dir - move target cursor
As you read the scroll of blinking, it crumbles to dust.
As you read the scroll of fear, it crumbles to dust.
You assume a fearsome visage.
Agnes resists with almost no effort.
Agnes hits you but does no damage.
Agnes hits you with a lajatang of venom.
* * * LOW HITPOINT WARNING * * *
As you read the scroll of teleportation, it crumbles to dust.
You feel strangely unstable.
Agnes hits you with a lajatang of venom!!
* * * LOW HITPOINT WARNING * * *
You block Agnes's attack.
Agnes hits you with a lajatang of venom!
You die...

#)# #.# #.# #i# ########
#.# ### .......## #.# #..
###..##.# #># ##########
#.#
#.[...#.#####.###.<......#
#..
#.#............i@.######.#
#.. #.##...).#.......##
#.# #..
.....###...##.##..# #.#
##. #.#### #..##...##.#
#.### #. #.# ##.#.....#.#
#...# #. #.# #.#..>..#.#
###.# ## #)# #.#.....#.##
#.# #.# #.##...##..#
###.#### #.#####
#..#####...# #......#


You could see Agnes.

Vanquished Creatures
  A fire dragon (Lair:6)
  Josephine (D:11)
  6 hydras
  Erolcha (D:11)
  A centaur warrior (D:13)
  5 two-headed ogres
  A death knight (D:11)
  Nergalle (D:12)
  A swamp dragon (Lair:6)
  5 cyclopes
  3 ugly things
  A manticore (D:14)
  Maurice (D:9)
  A merfolk siren (Lair:4)
  5 elephants
  An ice statue (D:9)
  2 centaur zombies (D:11)
  5 black mambas
  6 spiny frogs
  A torpor snail (Lair:6)
  A gargoyle (D:10)
  5 rime drakes (Lair:6)
  5 komodo dragons
  3 meliai
  2 trolls
  A queen bee (Lair:4)
  2 hornets
  2 polar bears
  A slime creature (D:9)
  2 dream sheep (D:8)
  6 hippogriffs
  A shadow (D:11)
  2 wyverns
  Eustachio (D:3)
  A redback (shapeshifter) (D:13)
  6 wraiths
  A human (shapeshifter) (D:13)
  A hungry ghost (D:11)
  3 water elementals (D:13)
  A basilisk (shapeshifter) (D:13)
  40 yaks
  13 basilisks
  A steam dragon (Lair:6)
  Grum (D:7)
  3 acid dragons
  4 water moccasins
  6 porcupines
  12 orc warriors
  6 ice beasts
  2 sky beasts
  An eye of draining (D:10)
  6 ogres
  2 necrophages
  41 wolves
  2 centaurs
  2 phantoms (D:7)
  9 crocodiles
  3 big kobolds
  Blork the orc (D:4)
  13 bullfrogs
  A gnoll sergeant (D:7)
  6 scorpions
  26 killer bees
  5 wights
  5 howler monkeys
  9 electric eels
  A bullfrog zombie (D:13)
  8 crimson imps
  2 jellies
  16 hounds
  An orc wizard (D:7)
  2 quasits
  9 orc priests
  An iguana (Lair:6)
  3 centaur skeletons
  A gnoll shaman (D:7)
  Ijyb (D:5)
  16 hell rats (Lair:1)
  12 worker ants
  A hound zombie (D:11)
  2 hound skeletons (D:6)
  9 gnolls (D:7)
  A howler monkey skeleton (D:11)
  8 adders
  15 river rats (Lair:1)
  3 shadow imps
  2 oozes
  An adder zombie (D:9)
  An adder skeleton (D:7)
  4 worms
  4 dart slugs
  7 leopard geckos
  35 orcs
  2 ball pythons
  11 giant cockroaches
  6 goblins
  10 hobgoblins
  13 jackals
  11 quokkas
  6 bats
  7 frilled lizards
  14 kobolds
  A leopard gecko skeleton (D:5)
  A quokka skeleton (D:5)
  18 rats
  A plant (D:10)
583 creatures vanquished.

Vanquished Creatures (others)
  A crimson imp (D:9)
  A bush (Lair:4)
  6 fungi
  7 plants
15 creatures vanquished.

Grand Total: 598 creatures vanquished

Notes
Turn   | Place    | Note
-------+----------+-------------------------------------------
     0 | D:1      | Ferkelamun the Ghoul Gladiator began the quest for the Orb.
     0 | D:1      | Reached XP level 1. HP: 17/17 MP: 0/0
    93 | D:1      | Reached XP level 2. HP: 13/24 MP: 1/1
   135 | D:1      | Reached skill level 4 in Unarmed Combat
   745 | D:2      | Reached XP level 3. HP: 28/29 MP: 2/2
   958 | D:2      | Reached skill level 5 in Unarmed Combat
  1132 | D:2      | Reached XP level 4. HP: 33/36 MP: 3/3
  1879 | D:3      | You fall through a shaft for 2 floors!
  1879 | D:5      | Entered Level 5 of the Dungeon
  2001 | D:4      | Noticed Blork the orc
  2029 | D:5      | Noticed Ijyb
  2043 | D:5      | HP: 1/34 [Ijyb/club (1)]
  2047 | D:5      | Killed Ijyb
  2047 | D:5      | Reached skill level 6 in Unarmed Combat
  2230 | D:4      | Noticed Eustachio
  2421 | D:5      | Noticed a centaur
  2435 | D:5      | Killed a centaur
  2435 | D:5      | Reached XP level 5. HP: 34/39 MP: 4/4
  2475 | D:5      | Noticed an ogre
  2487 | D:5      | Killed an ogre
  2487 | D:5      | Reached skill level 7 in Unarmed Combat
  2487 | D:5      | Reached XP level 6. HP: 20/48 MP: 5/5
  2845 | D:5      | Reached skill level 8 in Unarmed Combat
  2942 | D:5      | Noticed an ice beast
  2948 | D:5      | Killed an ice beast
  2948 | D:5      | Reached XP level 7. HP: 50/55 MP: 6/6
  3341 | D:4      | Reached skill level 9 in Unarmed Combat
  3496 | D:3      | Killed Eustachio
  4092 | D:4      | Killed Blork the orc
  4092 | D:4      | Reached skill level 10 in Unarmed Combat
  4092 | D:4      | Reached XP level 8. HP: 40/61 MP: 7/7
  4622 | D:6      | Got a fine bone ring
  4704 | D:6      | Identified the ring "Awnalook" {Fire Dex+4} (You found it on level 6 of the Dungeon)
  4995 | D:7      | Reached skill level 11 in Unarmed Combat
  5033 | D:7      | Reached skill level 1 in Armour
  5084 | D:7      | Noticed Grum
  5094 | D:7      | Killed Grum
  5255 | D:7      | Reached XP level 9. HP: 18/67 MP: 8/8
  5572 | D:7      | Found a staircase to the Ecumenical Temple.
  5577 | Temple   | Entered the Ecumenical Temple
  5647 | Temple   | Became a worshipper of Makhleb the Destroyer
  5674 | D:7      | Reached skill level 5 in Armour
  5741 | D:7      | Found Evyjut's Assorted Antiques.
  5748 | D:7      | Bought a scroll of blinking for 202 gold pieces
  5748 | D:7      | Bought a garnet ring for 135 gold pieces
  6591 | D:8      | Reached * piety under Makhleb
  6885 | D:8      | Reached XP level 10. HP: 73/73 MP: 9/9
  7056 | D:9      | Got an encrusted dagger
  7057 | D:9      | Identified the +6 dagger of Lunown {protect, +Inv Str+6} (You found it on level 9 of the Dungeon)
  7087 | D:9      | Noticed an ice statue
  7491 | D:9      | Reached ** piety under Makhleb
  7785 | D:9      | Noticed Maurice
  7898 | D:9      | Killed Maurice
  7898 | D:9      | Reached skill level 12 in Unarmed Combat
  8057 | D:10     | Entered Level 10 of the Dungeon
  8368 | D:9      | Noticed a two-headed ogre
  8458 | D:10     | Found a staircase to the Lair.
  8563 | D:10     | Noticed a gargoyle
  8576 | D:10     | Killed a gargoyle
  8576 | D:10     | Reached skill level 5 in Fighting
  8604 | D:10     | Found an opulent altar of Gozag.
  8821 | D:9      | Killed an ice statue
  8821 | D:9      | Reached skill level 13 in Unarmed Combat
  9119 | D:11     | Noticed a two-headed ogre
  9162 | Lair:1   | Entered Level 1 of the Lair of Beasts
  9306 | Lair:1   | Reached XP level 11. HP: 84/88 MP: 10/10
  9549 | Lair:1   | Reached skill level 10 in Armour
  9817 | Lair:1   | Reached *** piety under Makhleb
 10824 | Lair:2   | Reached **** piety under Makhleb
 10856 | Lair:2   | Reached skill level 14 in Unarmed Combat
 11660 | Lair:3   | Reached skill level 5 in Dodging
 11666 | Lair:3   | Reached XP level 12. HP: 78/92 MP: 6/11
 11835 | Lair:3   | Reached skill level 1 in Invocations
 11858 | Lair:3   | Noticed an eight-headed hydra
 11870 | Lair:3   | Killed an eight-headed hydra
 12295 | Lair:4   | Found a staircase to the Shoals.
 12317 | Lair:4   | Reached skill level 5 in Invocations
 12447 | Lair:4   | Found a hole to the Spider Nest.
 13106 | Lair:5   | Noticed an eight-headed hydra
 13176 | Lair:5   | Killed an eight-headed hydra
 13407 | Lair:4   | Reached ***** piety under Makhleb
 14308 | Lair:6   | Entered Level 6 of the Lair of Beasts
 14316 | Lair:6   | Reached XP level 13. HP: 100/100 MP: 17/17
 14792 | Lair:6   | Found a runed door.
 14799 | Lair:6   | Found a viscous altar of Jiyva.
 14801 | Lair:6   | Found a staircase to the Slime Pits.
 14946 | Lair:6   | Reached skill level 10 in Dodging
 15358 | Lair:6   | Noticed a fire dragon
 15376 | Lair:6   | Killed a fire dragon
 16077 | D:11     | Found a staircase to the Orcish Mines.
 16159 | D:11     | Noticed Erolcha
 16177 | D:11     | Paralysed by something for 3 turns
 16191 | D:11     | Killed Erolcha
 16326 | D:11     | Reached XP level 14. HP: 114/114 MP: 13/18
 16359 | D:11     | Noticed Josephine
 16362 | D:11     | Found a shadowy altar of Dithmenos.
 16370 | D:11     | Killed Josephine
 16869 | D:12     | Reached skill level 1 in Shields
 17548 | D:12     | Reached ****** piety under Makhleb
 17668 | D:12     | Noticed Nergalle
 17694 | D:12     | Killed Nergalle
 18177 | D:13     | Reached skill level 5 in Shields
 18230 | D:13     | Found a gate to the Vaults.
 19075 | D:14     | Found a roughly hewn altar of Beogh.
 19454 | D:14     | Noticed Agnes
 19488 | D:14     | HP: 5/115 [Agnes/lajatang of venom (13)]
 19488 | D:14     | Slain by Agnes

Skill      XL: |  1  2  3  4  5  6  7  8  9 10 11 12 13 14 |
---------------+-------------------------------------------+-----
Unarmed Combat | 4 5 6 7 8 10 11 13 14 | 14.9
Armour         | 4 8 9 11 12 | 12.7
Fighting       | 5 7 8 |  8.1
Dodging        | 5 7 10 | 10.0
Invocations    | 7 |  7.1
Shields        | 7 |  7.0
Throwing       | |  1.7

Action                   |  1- 3 |  4- 6 |  7- 9 | 10-12 | 13-15 || total
-------------------------+-------+-------+-------+-------+-------++-------
Melee: Unarmed           |   108 |   152 |   437 |   992 |   888 ||  2577
       Punch             |       |     2 |     9 |    40 |    48 ||    99
 Fire: Blowgun           |       |     2 |       |       |       ||     2
Throw: Throwing net      |       |     1 |       |       |       ||     1
Invok: Minor Destruction |       |       |       |     2 |    11 ||    13
       Major Destruction |       |       |       |     1 |     2 ||     3
       Lesser Servant of |       |       |       |     1 |     1 ||     2
       Greater Servant o |       |       |       |       |     3 ||     3
Evoke: Wand              |       |       |       |     3 |       ||     3
       Lightning rod     |       |       |       |     4 |       ||     4
  Use: Scroll            |       |     2 |    15 |    11 |    10 ||    38
       Potion            |       |     1 |     1 |       |       ||     2
 Stab: Held in net/web   |       |     1 |       |       |       ||     1
  Eat: Chunk             |     6 |    12 |    15 |   107 |    38 ||   178
Armor: Leather armour    |    15 |       |       |       |       ||    15
       Plate armour      |    41 |   121 |   268 |    84 |       ||   514
       Chain mail        |       |       |       |   559 |    99 ||   658
       Fire dragon scale |       |       |       |       |   127 ||   127
Dodge: Dodged            |    51 |    52 |   150 |   607 |   451 ||  1311
Block: Other             |       |       |       |    75 |       ||    75
       Shield            |       |       |       |       |   157 ||   157
